AoeStats
← HUESOS

Pilgrims

509967700Analyzed
4v4 RM · 3d ago on Sep 28, 2026· 50m 38s· 8 players
Game mode
Random Map
Map size
Large (8 player)
Population
200
Speed
Normal
Resources
Standard
Victory
Conquest
Starting age
Dark Age
Ending age
Imperial Age
RankedLock teamsTeams togetherTeam positionsShared explorationLock speedFull tech treeHidden civsTurbo modeCheats
Victory
Defeat
🇲🇽 Malay · Mexico
956
+11
🇰🇿 Danes · Kazakhstan
886
+14
🇹🇯 Persians · Tajikistan
817
+17
🇫🇷 Mongols · France
815
+16
🇩🇪 Vietnamese · Germany
878
-16
🇨🇿 Bulgarians · Czechia
868
-16
🇧🇷 Britons · Brazil
851
-15
🇧🇴 Varangians · Bolivia
756
-11
Tomas18078
6:18 Loom
11:59 Feudal Age
13:20 Town Watch
14:30 Fletching
15:40 Fishing Lines
17:44 Double-Bit Axe
20:20 Wheelbarrow
26:31 Castle Age
24:38 Horse Collar
28:29 Pikeman
29:10 Squires
31:21 Hand Cart
31:27 Heavy Plow
33:07 Scale Mail Armor
33:18 Forging
33:55 Gambesons
34:55 Town Patrol
40:06 Chain Mail Armor
40:28 Iron Casting
41:32 Bodkin Arrow
45:36 Bow Saw
TrueCrime
4:17 Loom
14:21 Feudal Age
16:15 Horse Collar
20:04 Castle Age
19:12 Double-Bit Axe
20:06 Stone Mining
22:05 Wheelbarrow
23:55 Town Watch
25:08 Thumb Ring
25:47 Fletching
29:00 Hand Cart
28:23 Pikeman
29:11 Crossbowman
35:52 Squires
37:35 Scale Mail Armor
37:46 Forging
37:38 Padded Archer Armor
40:33 Chain Mail Armor
40:53 Iron Casting
42:35 Elite Skirmisher
Bestia del Congo
6:36 Loom
17:43 Feudal Age
22:43 Castle Age
22:47 Town Watch
24:33 Forging
24:27 Scale Mail Armor
27:51 Pikeman
33:48 Bloodlines
41:30 Stone Mining
pedroneto1101
11:30 Feudal Age
12:07 Double-Bit Axe
15:37 Loom
16:28 Wheelbarrow
18:08 Castle Age
16:11 Padded Archer Armor
16:52 Scale Mail Armor
17:49 Gold Mining
18:15 Man-at-Arms
20:26 Forging
20:11 Fishing Lines
21:50 Fletching
24:05 Gold Shaft Mining
23:22 Stone Mining
23:31 Crossbowman
25:12 Gambesons
27:15 Bow Saw
27:53 Long Swordsman
28:37 Pikeman
29:18 Squires
29:56 Arson
30:27 Chain Mail Armor
30:50 Ballistics
31:26 Hand Cart
31:33 Leather Archer Armor
31:47 Town Watch
31:46 Horse Collar
33:18 Masonry
35:09 Town Patrol
35:44 Caravan
36:11 Bodkin Arrow
36:52 Iron Casting
37:05 Heavy Plow
37:49 Yeomen
42:25 Imperial Age
43:46 Plate Mail Armor
43:46 Conscription
43:02 Halberdier
44:14 Cranequins
44:59 Murder Holes
45:23 Bracer
46:14 Ring Archer Armor
46:15 Arbalester
47:03 Warwolf
KIRAxXx ka0z
3:40 Loom
15:55 Feudal Age
15:36 Town Watch
15:39 Double-Bit Axe
20:27 Castle Age
18:44 Scale Barding Armor
18:49 Forging
18:46 Gold Mining
19:07 Fishing Lines
19:56 Fletching
20:22 Medium Warships
20:05 Gillnets
21:30 Iron Casting
22:11 Husbandry
25:02 Wheelbarrow
25:26 Stone Mining
26:20 Gold Shaft Mining
26:43 Bodkin Arrow
30:05 Town Patrol
31:22 Thalassocracy
35:15 Imperial Age
35:01 Stone Shaft Mining
35:02 Hand Cart
35:21 Conscription
35:33 Elite Battle Elephant
38:15 Blast Furnace
37:16 Bracer
45:01 Padded Archer Armor
45:05 Forced Levy
50:25 Spies/Treason
Corona
15:01 Loom
23:06 Feudal Age
23:18 Feudal Age
25:30 Wheelbarrow
25:36 Double-Bit Axe
28:41 Castle Age
27:18 Wheelbarrow
26:57 Fishing Lines
28:31 Horse Collar
29:24 Heavy Plow
29:35 Bow Saw
30:54 Hand Cart
31:23 Fervor
34:04 Fletching
34:14 Padded Archer Armor
34:54 Gillnets
36:10 Gold Mining
36:12 Stone Mining
38:13 Coinage
40:53 Gold Shaft Mining
40:54 Stone Shaft Mining
43:02 Imperial Age
40:20 Town Watch
41:14 Bodkin Arrow
41:34 Leather Archer Armor
41:59 Ballistics
44:12 Banking
44:45 Bracer
44:51 Scale Barding Armor
44:57 Forging
46:57 Chemistry
48:48 Chain Barding Armor
49:04 Iron Casting
51:06 Husbandry
51:16 Bloodlines
HUESOS
10:45 Loom
12:34 Feudal Age
20:05 Fletching
20:20 Fishing Lines
23:50 Castle Age
29:49 Gillnets
32:26 Scale Mail Armor
32:39 Forging
33:26 Double-Bit Axe
34:24 Gambesons
34:40 Squires
37:02 Bodkin Arrow
37:49 Bow Saw
37:31 Gold Mining
40:01 Wheelbarrow
41:28 Ballistics
42:05 Gold Shaft Mining
41:47 Hand Cart
42:14 Chain Mail Armor
42:34 Iron Casting
Zerfer
7:32 Loom
14:16 Feudal Age
16:54 Fishing Lines
19:57 Double-Bit Axe
24:10 Castle Age
22:08 Gold Mining
26:00 Murder Holes
27:45 Scale Barding Armor
29:53 Fletching
30:18 Kamandaran
31:32 Crossbowman
33:36 Chain Barding Armor
35:28 Forging
37:27 Bodkin Arrow
37:41 Thumb Ring
42:01 Padded Archer Armor
44:18 Leather Archer Armor
Connection lost

Rejoining the realm…

Still unreachable

The connection could not be restored.

Session expired

The server has moved on; the page needs a fresh start.